 Dungeon Crawl Stone Soup version 0.24-a0-445-gd5110b030a (webtiles) character file.

Game seed: 2853395992139011107

10905 emperorscorpion the Cleaver (level 11, -3/154 HPs)
             Began as a Deep Dwarf Berserker on June 22, 2019.
             Was an Elder of Trog.
             Slain by an ogre mage
             ... wielding a +0 flail
              (8 damage)
             ... on level 15 of the Dungeon.
             The game lasted 00:17:40 (1552 turns).

emperorscorpion the Cleaver (Deep Dwarf Berserker)  Turns: 1552, Time: 00:17:41

Health: -3/154     AC: 13    Str: 29    XL:     11   Next: 42%
Magic:  9/9 (0)    EV: 12    Int:  8    God:    Trog [****..]
Gold:   174        SH:  0    Dex: 12    Spells: 10/10 levels left

rFire    . . .     SeeInvis .   b - +7 dire flail (freeze) (curse)
rCold    . . .     Gourm    .   (shield currently unavailable)
rNeg     . . .     Faith    .   n - +1 chain mail {MR+}
rPois    .         Spirit   .   (helmet restricted)
rElec    .         Reflect  .   l - scarf {cloud immunity}
rCorr    .         Harm     .   h - +0 pair of gloves
MR       +++..                  (no boots)
Stlth    ..........             (no amulet)
HPRegen  0.00/turn              d - ring of magical power
MPRegen  0.11/turn              (no ring)

@: berserking, non-regenerating, very quick
A: damage resistance, heal wounds, horns 1, low mp 1, magic resistance 1, sense
surroundings 2, no regeneration
a: Heal Wounds, Berserk, Trog's Hand, Brothers in Arms, Renounce Religion


You were on level 15 of the Dungeon.
You worshipped Trog.
Trog was greatly pleased with you.
You were very hungry.

You visited 1 branch of the dungeon, and saw 15 of its levels.

You collected 174 gold pieces.

Inventory:

Hand Weapons
 a - a +1 war axe
 b - a cursed +7 dire flail of freezing (weapon)
 e - a +0 hand axe
 k - a +0 battleaxe
Missiles
 i - 23 poisoned darts (quivered)
 o - 5 javelins
Armour
 h - a +0 pair of gloves (worn)
 l - a scarf of cloud immunity (worn)
 m - a +0 animal skin
 n - a +1 chain mail of magic resistance (worn)
Magical Staves
 f - an uncursed staff of fire {unknown}
Jewellery
 d - a ring of magical power (left hand)
Scrolls
 g - 5 scrolls of identify
 p - a scroll of enchant weapon
Comestibles
 c - 6 rations
 j - 6 chunks of flesh


   Skills:
 + Level 7.9 Fighting
 + Level 12.0(12.6) Axes
 + Level 6.1(9.4) Maces & Flails
 + Level 3.7 Throwing
 + Level 9.1 Armour
 + Level 6.1 Dodging
 - Level 1.7 Stealth


You had 10 spell levels left.
You didn't know any spells.
Your spell library contained the following spells:

 Spells                   Type           Power        Failure   Level  Hunger
 Sublimation of Blood     Necr           #.........   95%         2    ###....
 Ignite Poison            Fire/Tmut/Pois #.......     99%         3    ####...
 Petrify                  Tmut/Erth      #.......     100%        4    #####..
 Alistair's Intoxication  Tmut/Pois      #.......     100%        5    ######.
 Irradiate                Conj/Tmut      #.........   100%        5    ######.


Dungeon Overview and Level Annotations

Branches:
Dungeon (15/15)            Temple (0/1) D:4          Vaults (0/5) D:13
   Lair: D:8-11         Orc: D:9-12      Depths: D:15

Altars:
Elyvilon

Shops:
D:13 *


Innate Abilities, Weirdness & Mutations

You are resistant to damage.
You can heal yourself by infusing magical energy.
You passively map the area around you.
You do not regenerate.
You have a pair of small horns on your head.
Your magical capacity is low. (-10% MP)
You are resistant to hostile enchantments. (MR+)


Message History

You sock the centaur warrior! You freeze the centaur warrior.
You kill the centaur warrior!
Trog accepts your kill.
Your base Maces & Flails skill increases to level 6!
The ogre hits you with a +0 giant club!
* * * LOW HITPOINT WARNING * * *
You puncture the ogre mage! You freeze the ogre mage.
The ogre mage is moderately wounded.
You impale the ogre mage!! You freeze the ogre mage.
You headbutt the ogre mage, but do no damage.
The ogre mage is severely wounded.
The ogre mage barely misses you.
You puncture the ogre mage! You freeze the ogre mage.
Your headbutt misses the ogre mage.
The ogre mage is almost dead.
The ogre misses you.
You closely miss the ogre mage.
The ogre mage is almost dead.
The ogre mage hits you with a +0 flail!
You die...

, , , .....# ,, ,, * *+
#####....# ,, , ,, * , , ,
...#....# ...... ,
#..######..#....# .OO...
,#..#....#..+....######.c....,
#(.#....#..#..........O.O..
,#..#....#..'.######...O..#* *
##..#....'..#.#..O.#......#
....#....#..#.'.@O.#O.....#
....#'####..#.#....OO...%.#
...)........#.######......#
............#.. , ........#
######......#.. ..........#*
.....+......#...#####......#
.....########... #......#
.......)...... * #......#
............,, , #......#


You could see 2 two-headed ogres, an ogre mage and an ogre.

Vanquished Creatures
  2 vault guards (D:13)
  2 hydras
  2 two-headed ogres
  A centaur warrior (D:15)
  A tengu warrior (D:14)
  5 ugly things
  A deep elf mage (D:15)
  A manticore (D:13)
  A cyclops (D:14)
  The ghost of yoda5477 the Ogre Mage, a novice OgWz of Sif Muna (D:5)
  A centaur simulacrum (D:14)
  A basilisk (D:13)
  A wyvern (D:14)
  2 ice beasts
  3 ogres
  5 centaurs (D:15)
  A crocodile (D:12)
  4 bullfrogs
  A gnoll sergeant (D:6)
  4 wights (D:10)
  A howler monkey (D:6)
  A crimson imp (D:13)
  2 hounds
  A quasit (D:13)
  A bullfrog skeleton (D:6)
  2 centaur skeletons
  3 orc wizards
  An iguana (D:10)
  A worker ant (D:10)
  A hound skeleton (D:5)
  An adder (D:5)
  3 gnolls (D:6)
  A shadow imp (D:6)
  An ooze (D:2)
  An adder zombie (D:6)
  A worm (D:4)
  2 dart slugs
  5 leopard geckos
  8 orcs
  3 giant cockroaches
  7 goblins
  4 hobgoblins
  3 jackals
  4 kobolds
  A ball python (D:2)
  4 bats
  3 frilled lizards
  A jackal skeleton (D:5)
  A leopard gecko skeleton (D:5)
  A rat (D:2)
109 creatures vanquished.

Notes
Turn   | Place    | Note
-------+----------+-------------------------------------------
     0 | D:1      | emperorscorpion the Deep Dwarf Berserker began the quest
                  | for the Orb.
     0 | D:1      | Reached XP level 1. HP: 20/20 MP: 1/1
   120 | D:1      | Reached XP level 2. HP: 27/27 MP: 2/2
   164 | D:2      | Reached skill level 4 in Axes
   181 | D:2      | Reached XP level 3. HP: 24/34 MP: 3/3
   184 | D:2      | Gained mutation: You are resistant to hostile enchantments.
                  | (MR+) [potion of mutation]
   184 | D:2      | Gained mutation: Your magical capacity is low. (-10% MP)
                  | [potion of mutation]
   184 | D:2      | Gained mutation: You have a pair of small horns on your
                  | head. [potion of mutation]
   208 | D:2      | Reached ** piety under Trog
   371 | D:3      | You fall into a shaft and drop 1 floor!
   405 | D:4      | Found a staircase to the Ecumenical Temple.
   437 | D:5      | Entered Level 5 of the Dungeon
   446 | D:5      | Found a runed translucent gate.
   446 | D:5      | Found a runed translucent gate.
   446 | D:5      | Found a runed translucent gate.
   449 | D:5      | Noticed yoda5477's ghost (novice OgWz)
   457 | D:5      | Reached XP level 4. HP: 42/42 MP: 3/3
   464 | D:5      | Killed yoda5477's ghost
   464 | D:5      | Reached skill level 6 in Axes
   464 | D:5      | Reached skill level 1 in Stealth
   464 | D:5      | Reached XP level 5. HP: 50/50 MP: 4/4
   464 | D:5      | Reached XP level 6. HP: 57/57 MP: 5/5
   600 | D:6      | Reached XP level 7. HP: 41/64 MP: 6/6
   717 | D:6      | Reached skill level 7 in Axes
   725 | D:6      | Reached *** piety under Trog
   779 | D:10     | Entered Level 10 of the Dungeon
   820 | D:10     | Reached skill level 8 in Axes
   820 | D:10     | Reached XP level 8. HP: 71/73 MP: 7/7
   883 | D:10     | Reached skill level 1 in Throwing
   937 | D:10     | Noticed a green ugly thing
   952 | D:10     | Killed a green ugly thing
   952 | D:10     | Reached skill level 5 in Fighting
   952 | D:10     | Reached skill level 9 in Axes
  1006 | D:11     | Noticed a two-headed ogre
  1013 | D:11     | Killed a two-headed ogre
  1013 | D:11     | Reached skill level 5 in Armour
  1013 | D:11     | Reached skill level 5 in Dodging
  1013 | D:11     | Gained mutation: You passively map the area around you.
                  | [Deep Dwarf growth]
  1013 | D:11     | Reached XP level 9. HP: 42/81 MP: 8/8
  1106 | D:12     | Reached skill level 10 in Axes
  1197 | D:13     | Found a gate to the Vaults.
  1197 | D:13     | Noticed a tengu conjurer
  1197 | D:13     | Noticed a vault guard
  1197 | D:13     | Noticed a vault guard
  1197 | D:13     | Noticed a vault guard
  1197 | D:13     | Noticed a green ugly thing
  1197 | D:13     | Noticed a vault guard
  1197 | D:13     | Noticed a centaur warrior
  1197 | D:13     | Noticed a komodo dragon
  1208 | D:13     | Killed a green ugly thing
  1208 | D:13     | a komodo dragon changed into a raiju
  1236 | D:13     | Killed a vault guard
  1236 | D:13     | Killed a vault guard
  1236 | D:13     | Reached skill level 11 in Axes
  1236 | D:13     | Reached XP level 10. HP: 26/91 MP: 7/7
  1245 | D:13     | Found Coatug's Hallowed Reliquary.
  1245 | D:13     | Found a white marble altar of Elyvilon.
  1246 | D:13     | Noticed an angel
  1252 | D:13     | Noticed a manticore
  1271 | D:13     | Killed a manticore
  1273 | D:13     | Noticed a cyclops
  1297 | D:14     | Noticed a green ugly thing
  1297 | D:14     | Noticed a green ugly thing
  1297 | D:14     | Noticed a cyclops
  1297 | D:14     | Noticed a cyclops
  1297 | D:14     | Noticed a six-headed hydra
  1312 | D:14     | Noticed a green ugly thing
  1314 | D:14     | Killed a six-headed hydra
  1314 | D:14     | Noticed a green ugly thing
  1315 | D:14     | Noticed a green ugly thing
  1321 | D:14     | Killed a cyan ugly thing
  1331 | D:14     | Killed a green ugly thing
  1331 | D:14     | Reached skill level 1 in Maces & Flails
  1333 | D:14     | Noticed a green ugly thing
  1335 | D:14     | Killed a green ugly thing
  1337 | D:14     | Killed a cyclops
  1349 | D:14     | Noticed a tengu warrior
  1356 | D:14     | Reached skill level 12 in Axes
  1360 | D:14     | Killed a tengu warrior
  1382 | D:13     | Noticed an eight-headed hydra
  1396 | D:13     | Killed an eight-headed hydra
  1396 | D:13     | Reached XP level 11. HP: 28/100 MP: 1/1
  1414 | D:13     | Reached **** piety under Trog
  1432 | D:15     | Entered Level 15 of the Dungeon
  1502 | D:15     | Noticed a deep elf mage
  1511 | D:15     | Killed a deep elf mage
  1511 | D:15     | Reached skill level 5 in Maces & Flails
  1532 | D:15     | Noticed a two-headed ogre
  1532 | D:15     | Noticed a centaur warrior
  1532 | D:15     | Noticed a two-headed ogre
  1533 | D:15     | Noticed an ogre mage
  1544 | D:15     | Killed a two-headed ogre
  1544 | D:15     | Noticed a two-headed ogre
  1548 | D:15     | Killed a centaur warrior
  1548 | D:15     | HP: 5/154 [ogre/+0 giant club (10)]
  1552 | D:15     | Slain by an ogre mage

Levels and vault maps discovered:
D:1:      onia_arrival_mini_maze, layout_basic
D:2:      layout_basic
D:3:      layout_basic, chequers_temple_overflow_statue_of_worship,
          first_ration, serial_glass, glass_columns_a, glass_columns_b,
          tgw_kikubaaqudgha, uniq_sigmund, uniq_robin
D:4:      minmay_wonky_spiral, layout_basic, minmay_temple_entry_arrows,
          minmay_misc_feat_roman
D:5:      layout_loops_corners, regret_index_temple_of_mockery,
          gammafunk_ghost_necromancy, fedhas_ov_isle_minmay
D:6:      layout_basic
D:7:      layout_cave_pools, nemelex_xobeh_ov_fountains_minmay,
          gammafunk_ghost_icy, the_bakery, minmay_misc_feat_chi
D:8:      layout_basic, makhleb_heckhound_becter, basic_altar,
          grunt_ministairs_1
D:9:      layout_basic, david_lair_generic, erik_orc_4, uniq_joseph
D:10:     layout_layer_cave
D:11:     layout_irregular_city, enter_bailey_7
D:12:     layout_irregular_city, uniq_rupert
D:13:     layout_rooms, lightli_vaults_fourway_checkpoint, nicolae_good_shop
D:14:     layout_rooms, minmay_statue_bubble
D:15:     grunt_enter_depths_giant_problem, layout_irregular_city,
          grunt_decor_cap

Skill      XL: |  1  2  3  4  5  6  7  8  9 10 11 |
---------------+----------------------------------+-----
Fighting       | 3 4 5 6 7 |  7.9
Axes           | 4 6 8 9 11 12 | 12.0
Dodging        | 3 4 5 6 |  6.1
Stealth        | 1 |  1.7
Armour         | 3 5 6 8 9 |  9.1
Throwing       | 3 |  3.7
Maces & Flails | 4 6 |  6.1

Action                   |  1- 3 |  4- 6 |  7- 9 | 10-12 || total
-------------------------+-------+-------+-------+-------++-------
Melee: Hand axe          |    70 |    23 |    59 |       ||   152
       Headbutt          |     8 |     1 |    27 |    29 ||    65
       War axe           |       |       |    81 |    25 ||   106
       Dire flail        |       |       |       |    97 ||    97
Throw: Dart              |       |       |    14 |       ||    14
       Javelin           |       |       |     5 |       ||     5
Invok: Berserk           |     3 |       |     5 |     2 ||    10
       Trog's Hand       |       |       |     1 |       ||     1
 Abil: Heal Wounds       |       |       |     7 |    19 ||    26
  Use: Scroll            |     4 |       |     2 |     2 ||     8
       Potion            |     5 |     1 |     2 |       ||     8
  Eat: Chunk             |     1 |       |     7 |     3 ||    11
Armor: Animal skin       |    25 |     3 |       |       ||    28
       Chain mail        |       |    10 |    83 |   162 ||   255
Dodge: Dodged            |    62 |    17 |    77 |   159 ||   315

Table legend:
 A = Non-vault XP
 B = Vault XP
 C = Vault XP percentage of total XP
 D = Non-vault monster count
 E = Vault monster count
 F = Vault count percentage of total count
                 A         B        C        D         E       F
            +---------+---------+-------+---------+---------+-------
      Total |   12518 |    3061 |  19.6 |     101 |       8 |   7.3
            +---------+---------+-------+---------+---------+-------
        D:1 |      31 |       0 |   0.0 |      14 |       0 |   0.0
        D:2 |      36 |       0 |   0.0 |      17 |       0 |   0.0
        D:3 |       1 |       0 |   0.0 |       1 |       0 |   0.0
        D:4 |      14 |       0 |   0.0 |       5 |       0 |   0.0
        D:5 |      15 |     529 |  97.2 |       2 |       4 |  66.7
        D:6 |     475 |       0 |   0.0 |      12 |       0 |   0.0
        D:9 |       2 |       0 |   0.0 |       1 |       0 |   0.0
       D:10 |    1342 |       0 |   0.0 |      13 |       0 |   0.0
       D:11 |    1074 |       0 |   0.0 |       3 |       0 |   0.0
       D:12 |     107 |       0 |   0.0 |       1 |       0 |   0.0
       D:13 |    1798 |    2532 |  58.5 |      10 |       4 |  28.6
       D:14 |    4115 |       0 |   0.0 |      11 |       0 |   0.0
       D:15 |    3508 |       0 |   0.0 |      11 |       0 |   0.0
            +---------+---------+-------+---------+---------+-------
